 Dungeon Crawl Stone Soup version 0.27.1-33-g824d729ab1 (webtiles) character file.

Game seed: 1685325385822880268

401 alasdair19 the Slasher (level 6, -3/53 HPs)
             Began as a Minotaur Fighter on Nov 29, 2021.
             Killed from afar by Dowan (17 damage)
             ... with a shard of ice
             ... on level 4 of the Dungeon.
             The game lasted 00:11:16 (2680 turns).

alasdair19 the Slasher (Minotaur Fighter)           Turns: 2680, Time: 00:11:17

Health: -3/53      AC: 16    Str: 21    XL:     6   Next: 54%
Magic:  5/5        EV:  4    Int:  6    God:
Gold:   47         SH: 11    Dex: 16    Spells: 5/5 levels left

rFire    . . .     SeeInvis .   q - +0 double sword
rCold    . . .     Faith    .   c - +1 kite shield
rNeg     . . .     Spirit   .   p - +0 plate armour
rPois    +         Reflect  .   (helmet restricted)
rElec    .         Harm     .   j - +2 cloak
rCorr    .         Rampage  .   x - +0 pair of gloves
Will     .....                  (no boots)
Stlth    ..........             (no amulet)
HPRegen  0.17/turn              f - +6 ring of dexterity
MPRegen  0.09/turn              v - ring of poison resistance

@: no status effects
A: horns 2, retaliatory headbutt
a: no special abilities


You were on level 4 of the Dungeon.
You visited 1 branch of the dungeon, and saw 4 of its levels.

You collected 206 gold pieces.
You spent 159 gold pieces at shops.

Inventory:

Hand Weapons
 a - a +0 long sword
 b - a +2 short sword of venom
 q - a +0 double sword (weapon)
Missiles
 i - 5 boomerangs
 o - 4 atropa-tipped darts (quivered)
Armour
 c - a +1 kite shield (worn)
 j - a +2 cloak (worn)
 p - a +0 plate armour (worn)
 x - a +0 pair of gloves (worn)
Jewellery
 f - a +6 ring of dexterity (left hand)
 r - a ring of positive energy
 v - a ring of poison resistance (right hand)
Scrolls
 h - a scroll of teleportation {unknown}
 k - a scroll of enchant armour
 l - a scroll of noise {unknown}
 n - a scroll of enchant weapon {unknown}
 s - a scroll of summoning {unknown}
 t - a scroll of holy word
 u - 2 scrolls of magic mapping
 w - a scroll of vulnerability {unknown}
Potions
 d - a potion of might
 e - a potion of lignification
 m - a potion of cancellation


   Skills:
 + Level 4.7 Fighting
 + Level 5.5 Long Blades
 + Level 2.2 Throwing
 + Level 4.8 Armour
 + Level 5.0 Shields


You had 5 spell levels left.
You didn't know any spells.
Your spell library contained the following spells:

 Spells                   Type           Power      Damage    Failure   Level
 Dazzling Flash           Conj/Hex       0%         N/A       100%        3
 Iskenderun's Mystic Bla  Conj/Tloc      0%         2d3       100%        4
 Starburst                Conj/Fire      0%         6d3       100%        6


Dungeon Overview and Level Annotations

Branches:
Dungeon (4/15)
 Temple: D:4-7

Altars:
Trog
Vehumet

Shops:
D:3 ?:*?!

Annotations:
D:2 1 runed translucent door, Crazy Yiuf
D:4 Dowan


Innate Abilities, Weirdness & Mutations

You have a pair of horns on your head.
You reflexively headbutt those who attack you in melee.


Message History

The worm bites you.
Throw: 5 darts (atropa)
Press: ? - help, Q - select action, (/) - cycle Shift-Dir - straight line, f - Dowan
Aim: Dowan, wielding a +2 dagger of venom and wearing a +2 robe of willpower (severely wounded, fast, 53% to hit, chance to blind on hit: 80%)
You throw an atropa-tipped dart. The atropa-tipped dart hits Dowan.
Dowan appears confused.
Dowan is severely wounded.
You feel sick. The worm bites you but does no damage.
You slash the worm!
The worm is severely wounded.
You feel sick.
Dowan is no longer moving quickly.
Dowan seems less confused.
Your shield and plate armour prevent you from hitting the worm.
Your headbutt misses the worm.
The worm is severely wounded.
You feel sick.
You are no longer poisoned.
You block the worm's attack.
Your shield prevents you from hitting the worm.
The worm is severely wounded.
Dowan is no longer blind.
Dowan says, "Magic will overcome all!"
The worm bites you.
* * * LOW HITPOINT WARNING * * *
You block Dowan's attack.
You slash the worm!
You kill the worm!
Dowan gestures at you while chanting. You block the shard of ice.
You barely miss Dowan.
Dowan is severely wounded.
Dowan says, "Magic will overcome all!"
Dowan hits you but does no damage.
You closely miss Dowan. You headbutt Dowan.
Dowan is severely wounded.
You block Dowan's attack. x2
You hit Dowan.
Dowan is almost dead.
Dowan gestures at you while chanting. The shard of ice hits you!
You die...

#w..†## #####...[.#
#...##....# ##.####...)#
##...#####..# ###.#.#.##
##.# .........# #..#
###.#.#..# #§.############
###......###..#.@e).(.....
.....<#.........##########
..............###
###.###.####### # #...(.#
#######


You could see Dowan.

Vanquished Creatures
  Duvessa (D:4)
  An ogre (D:4)
  A gnoll shaman (D:4)
  A hound (D:4)
  3 adders
  5 gnolls (D:4)
  A worm (D:4)
  A dart slug (D:2)
  3 orcs
  3 endoplasms (D:3)
  5 giant cockroaches
  6 goblins
  7 hobgoblins
  4 jackals (D:3)
  4 kobolds
  2 quokkas (D:3)
  6 ball pythons
  10 bats
  4 frilled lizards (D:1)
  A quokka skeleton (D:3)
  6 rats
75 creatures vanquished.

Vanquished Creatures (others)
  A fungus (D:2)
1 creature vanquished.

Grand Total: 76 creatures vanquished

Notes
Turn   | Place    | Note
-------+----------+-------------------------------------------
     0 | D:1      | alasdair19 the Minotaur Fighter began the quest for the
                  | Orb.
     0 | D:1      | Reached XP level 1. HP: 19/19 MP: 0/0
   233 | D:1      | Reached XP level 2. HP: 27/27 MP: 1/1
   980 | D:2      | Reached XP level 3. HP: 33/33 MP: 2/2
  1364 | D:2      | Found a runed translucent door.
  1365 | D:2      | Noticed Crazy Yiuf
  1396 | D:3      | Found Qyraeh's Distillery.
  1417 | D:3      | Found Westouch's Book Emporium.
  1478 | D:3      | Found Xetiazept's Magic Scroll Emporium.
  1481 | D:3      | Bought a scroll of identify for 24 gold pieces
  1481 | D:3      | Bought a scroll of identify for 24 gold pieces
  1510 | D:3      | Found a radiant altar of Vehumet.
  1590 | D:3      | Reached skill level 1 in Throwing
  1797 | D:3      | Found Abeymio's Magic Scroll Boutique.
  1818 | D:3      | Found Zijoas's Assorted Antiques.
  1822 | D:3      | Bought a scroll labelled IKYCOCH FUCHAL for 22 gold pieces
  1822 | D:3      | Bought a scroll labelled HYCEXK MIRETHA for 22 gold pieces
  1822 | D:3      | Bought a scroll labelled KORAZX YGIV for 22 gold pieces
  1829 | D:3      | Bought a scroll of magic mapping for 45 gold pieces
  1846 | D:3      | Reached XP level 4. HP: 39/40 MP: 3/3
  2082 | D:3      | Found a bloodstained altar of Trog.
  2289 | D:4      | Reached XP level 5. HP: 36/47 MP: 4/4
  2407 | D:4      | Noticed Duvessa
  2421 | D:4      | Killed Duvessa
  2422 | D:4      | Reached XP level 6. HP: 26/53 MP: 5/5
  2624 | D:4      | Reached skill level 5 in Long Blades
  2644 | D:4      | Noticed Dowan
  2660 | D:4      | Reached skill level 5 in Shields
  2680 | D:4      | Killed from afar by Dowan

Illustrated notes

Levels and vault maps discovered:
D:1:      minmay_arrival_widening_spiral_wide, layout_basic, minmay_lizard_pond
D:2:      layout_basic, uniq_crazy_yiuf_cottage
D:3:      layout_loops_ring, trog_book,
          mainiacjoe_overflow_concentric_impassable, serial_shops, shop, shop,
          nicolae_shop_crystal, nicolae_shop_behind_doors,
          nicolae_shop_waterfront, grunt_ministairs_11, minmay_three_crescents
D:4:      minmay_opposing_rooms, layout_loops_ring, chequers_garden,
          uniq_eustachio, uniq_duvessa, uniq_pikel, uniq_blork_the_orc

Skill      XL: |  1  2  3  4  5  6 |
---------------+-------------------+-----
Shields        | 4 5 |  5.0
Fighting       | 4 |  4.7
Long Blades    | 3 4 5 |  5.5
Throwing       | 1 2 |  2.2
Armour         | 4 |  4.8

Action                   |  1- 3 |  4- 6 || total
-------------------------+-------+-------++-------
Melee: Long sword        |    56 |       ||    56
       Headbutt          |    16 |    20 ||    36
       Double sword      |    21 |    81 ||   102
Throw: Boomerang         |     1 |     4 ||     5
       Dart              |       |     3 ||     3
  Use: Scroll            |     5 |     1 ||     6
       Potion            |       |     1 ||     1
Armor: Scale mail        |    25 |       ||    25
       Plate armour      |    12 |    52 ||    64
Dodge: Dodged            |    22 |    12 ||    34
Block: Kite shield       |    49 |    53 ||   102
       Rpst.: Long sword |     6 |       ||     6
       Double sword      |       |     2 ||     2
